 Dungeon Crawl Stone Soup version 0.30.1-9-gdf580d7c3d (webtiles) character file.

Game seed: 17418322874312276436

33 Tali the Trooper (level 3, 0/29 HPs)
             Began as a Demonspawn Chaos Knight on Oct 19, 2023.
             Was a Plaything of Xom.
             Slain by Jessica the elephant (glowing shapeshifter) (9 damage)
             ... on level 2 of the Dungeon.
             The game lasted 00:01:24 (871 turns).

Tali the Trooper (Demonspawn Chaos Knight)           Turns: 871, Time: 00:01:25

Health: 0/29       AC:  8    Str: 14    XL:     3   Next: 12%
Magic:  3/3        EV: 11    Int: 13    God:    Xom [*.....]
Gold:   74         SH:  0    Dex: 12    Spells: 2/2 levels left

rFire   . . .        a - +0 hand axe (chaos)
rCold   . . .        (no shield)
rNeg    . . .        b - +2 leather armour
rPois   .            g - +0 helmet
rElec   .            (no cloak)
rCorr   .            (no gloves)
SInv    .            (no boots)
Will    .....        (no amulet)
Stlth   +            (no ring)
HPRegen 0.24/turn    (no ring)
MPRegen 0.08/turn

%: no passive effects
@: no status effects
A: hooves 1, thin metallic scales 1
a: Renounce Religion


You were on level 2 of the Dungeon.
You worshipped Xom.
You were a special plaything of Xom.
You visited 1 branch of the dungeon, and saw 2 of its levels.

You collected 74 gold pieces.

Inventory:

Hand Weapons
 a - a +0 hand axe of chaos (weapon)
Missiles
 k - 3 boomerangs
Armour
 b - a +2 leather armour (worn)
 g - a +0 helmet (worn)
Jewellery
 j - a +5 ring of evasion
Scrolls
 e - a scroll of identify {unknown}
 f - a scroll of magic mapping {unknown}
 h - a scroll of immolation {unknown}
 i - a scroll of teleportation {unknown}
 l - a scroll of noise {unknown}
Miscellaneous
 c - a piece from Xom's chessboard (15/15) (quivered)


   Skills:
 + Level 3.6 Fighting
 + Level 3.2 Axes
 + Level 1.9 Armour
 + Level 1.1 Dodging


You had 2 spell levels left.
You didn't know any spells.
Your spell library contained the following spells:

 Spells                   Type           Power      Damage    Failure   Level
 Beastly Appendage        Tmut           0%         N/A       36%         1
 Wereblood                Tmut           0%         N/A       50%         2
 Spider Form              Tmut/Pois      0%         N/A       75%         3


Dungeon Overview and Level Annotations

Branches:
Dungeon (2/15)

Altars:

Annotations:
D:2 Jessica


Innate Abilities, Weirdness & Mutations

You have large cloven feet.
You are partially covered in thin metallic scales. (AC +2)


Message History

Your quasit bites Jessica.
Your quasit claws Jessica but does no damage. x2
Jessica misses your quasit. Jessica closely misses your quasit.
Your quasit bites Jessica but does no damage.
Your quasit claws Jessica.
Your quasit claws Jessica but does no damage.
You hit Jessica but do no damage.
Jessica suddenly seems more agile.
You kick Jessica, but do no damage.
Jessica is moderately wounded.
Xom grants you insight.
You detect items!
You are now a special plaything of Xom.
Your quasit bites Jessica.
Your quasit barely misses Jessica.
Your quasit claws Jessica but does no damage.
Jessica tramples you.
You hold your ground!
Jessica barely misses you.
You hit Jessica but do no damage. Lightning courses through Jessica!
You kick Jessica, but do no damage.
Jessica is moderately wounded.
Your quasit bites Jessica but does no damage.
Your quasit claws Jessica but does no damage. x2
Jessica tramples your quasit.
Your quasit stumbles backwards!
Your quasit completely misses Jessica.
Your quasit closely misses Jessica.
Your quasit misses Jessica. You hit Jessica but do no damage.
Your kick misses Jessica.
Jessica is moderately wounded.
Jessica tramples you!
You hold your ground!
Jessica trunk-slaps you but does no damage.
Your quasit bites Jessica but does no damage.
Your quasit claws Jessica but does no damage. x2
You hit Jessica but do no damage.
Jessica is moderately wounded.
Xom alters the dungeon around you.
Your quasit closely misses Jessica.
Your quasit claws Jessica but does no damage. x2
Jessica closely misses you. Jessica trunk-slaps you.
Your quasit barely misses Jessica.
Your quasit claws Jessica but does no damage.
Your quasit barely misses Jessica.
Jessica tramples you!
You die...
Xom cackles wildly!

#.# #.# #.#
#<### #...#
#######.# ...
#.# ##b###b#
#####
##.bb@bb#.....#
##..bbbY5.......
#...bbbbb.......
#.>.............
#.....).........
#.......!.......
#...............
#...............
##..........>...


You could see Jessica the elephant shaped shifter (agile, drained, ally target)
and a friendly quasit (summoned).

Vanquished Creatures
  A dart slug (D:1)
  4 bats (D:1)
  3 endoplasms (D:1)
  A giant cockroach (D:1)
  2 goblins (D:1)
  3 hobgoblins
  2 jackals (D:1)
  A quokka (D:1)
  2 ball pythons (D:2)
  5 frilled lizards (D:1)
  2 kobolds (D:1)
  4 rats (D:1)
30 creatures vanquished.

Notes
Turn   | Place    | Note
-------+----------+-------------------------------------------
     0 | D:1      | Tali the Demonspawn Chaos Knight began the quest for the
                  | Orb.
     0 | D:1      | Reached XP level 1. HP: 18/18 MP: 1/1
   104 | D:1      | XOM: divination: magic mapping
   202 | D:1      | Gained mutation: You are partially covered in thin metallic
                  | scales. (AC +2) [demonic ancestry]
   202 | D:1      | Reached XP level 2. HP: 24/24 MP: 2/2
   513 | D:1      | Reached skill level 1 in Dodging
   592 | D:1      | Gained mutation: You have large cloven feet. [demonic
                  | ancestry]
   592 | D:1      | Reached XP level 3. HP: 29/29 MP: 3/3
   853 | D:2      | Noticed Jessica
   854 | D:2      | XOM: confusion (+ monsters)
   858 | D:2      | Jessica changed into Jessica the glowing shapeshifter
   858 | D:2      | Noticed Jessica (glowing shapeshifter)
   858 | D:2      | XOM: polymorph Jessica -> Jessica the glowing shapeshifter
   858 | D:2      | Jessica the glowing shapeshifter changed into Jessica the
                  | elephant
   858 | D:2      | Noticed Jessica (glowing shapeshifter)
   861 | D:2      | XOM: summons friendly quasit
   868 | D:2      | XOM: divination: detect items
   871 | D:2      | XOM: scenery: summon butterflies
   871 | D:2      | Slain by Jessica the elephant (glowing shapeshifter)

Illustrated notes

Levels and vault maps discovered:
D:1:      minmay_arrival_up_and_down, layout_loops_ring, minmay_tetromino_l4
D:2:      layout_rooms, uniq_jessica, uniq_robin

Skill      XL: |  1  2 |
---------------+-------+-----
Axes           | 3 |  3.2
Dodging        | 1 |  1.1
Fighting       | |  3.6
Armour         | |  1.9

Action                     || total
---------------------------++-------
  Melee: Hand axe          ||    85
         Punch             ||     3
         Kick              ||     5
    Use: Potion            ||     1
 Armour: Leather armour    ||    49
  Dodge: Dodged            ||    56
